 Dungeon Crawl Stone Soup version 0.22-a0-553-g9358b0b (webtiles) character file.

366 galech the Skirmisher (level 6, -1/67 HPs)
             Began as an Ogre Berserker on June 25, 2018.
             Was a Believer of Trog.
             Slain by Pikel
             ... wielding a +0 whip of flaming
              (2 damage)
             ... on level 4 of the Dungeon.
             The game lasted 00:05:07 (4390 turns).

galech the Skirmisher (Ogre Berserker)              Turns: 4390, Time: 00:05:09

Health: -1/67      AC:  3    Str: 24    XL:     6   Next: 68%
Magic:  6/6        EV: 11    Int:  8    God:    Trog [**....]
Gold:   126        SH:  0    Dex:  8    Spells: 5/5 levels left

rFire    . . .     SeeInvis .   a - +0 mace
rCold    . . .     Gourm    .   (no shield)
rNeg     . . .     Faith    .   b - +0 animal skin
rPois    .         Spirit   .   (helmet restricted)
rElec    .         Reflect  .   (no cloak)
rCorr    .         Harm     .   (gloves unavailable)
MR       .....                  (boots unavailable)
Stlth    +.........             (no amulet)
HPRegen  0.21/turn              (no ring)
MPRegen  0.10/turn              (no ring)

@: lethally poisoned (-1 -> -3), berserk cooldown, slowed, very slow
A: large, unfitting armour, tough skin 1
a: Berserk, Trog's Hand, Renounce Religion


You were on level 4 of the Dungeon.
You worshipped Trog.
Trog was pleased with you.
You were not hungry.

You visited 1 branch of the dungeon, and saw 5 of its levels.

You collected 126 gold pieces.

Inventory:

Hand Weapons
 a - a +0 mace (weapon)
Armour
 b - a +0 animal skin (worn)
Scrolls
 d - 3 scrolls of blinking {unknown}
 g - a scroll of magic mapping
 h - a scroll of enchant armour
 k - a scroll of teleportation {unknown}
 l - 2 scrolls of enchant weapon {unknown}
Potions
 e - a potion of curing {unknown}
 f - a potion of agility {unknown}
 i - a potion of haste {unknown}
 j - a potion of ambrosia {unknown}
 m - a potion of brilliance {unknown}
Comestibles
 c - 4 rations


   Skills:
 + Level 5.8 Fighting
 + Level 4.9 Maces & Flails
 + Level 4.1 Dodging
 + Level 0.4 Stealth


You had 5 spell levels left.
You didn't know any spells.
Your spell library was empty.

Dungeon Overview and Level Annotations

Branches:
Dungeon (5/15)             Temple (0/1) D:5

Altars:
Fedhas
Hepliaklqana
Trog
The Shining One

Annotations:
D:2 exclusion: oklob plant
D:4 Pikel
D:5 Duvessa


Innate Abilities, Weirdness & Mutations

You are too large for most types of armour.
You have tough skin. (AC +1)


Message History

You sock the adder!
You kill the adder!
Trog accepts your kill.
You sock Pikel!
Pikel is moderately wounded.
You feel sick. Pikel hits you with a whip of flaming.
* * * LOW HITPOINT WARNING * * *
Pikel burns you.
* * * LOW HITPOINT WARNING * * *
You miss Pikel.
Pikel is moderately wounded.
Pikel closely misses you.
You hit Pikel.
Pikel is moderately wounded.
You are no longer berserk.
You are exhausted.
You feel yourself slow down. Pikel hits you with a whip of flaming!
* * * LOW HITPOINT WARNING * * *
Pikel burns you.
You die...

#.#.<#.# #....# #......#
#......# #....# #......#
#......# #....# #......#
##.....# #....# ###..###
#.....# #....# #..# #.....#
###### #..## #.....# #...#
###.....##############.#.#
........'.......@Kp>.#[#.##
........#...#######..#.#..#
........#...# #....##.##
.....####...# #....##..#
.....# #...# ##.......##
.....# #...# ###........#
.....# #...# #..........#
.....# #...# #.#........##
.....# #...# #.#####)....#


You could see Pikel and a slave.

Vanquished Creatures
  3 slaves (D:4)
  3 hounds (D:4)
  An orc priest (D:3)
  A bullfrog skeleton (D:4)
  2 orc wizards (D:3)
  Terence (D:3)
  2 hound skeletons (D:4)
  4 adders
  An adder skeleton (D:4)
  6 worms
  A dart slug (D:1)
  3 leopard geckos
  An orc (D:3)
  4 giant cockroaches
  7 goblins
  8 hobgoblins
  6 kobolds
  A ball python (D:1)
  5 bats
  7 frilled lizards
  A quokka skeleton (D:4)
  8 rats
76 creatures vanquished.

Notes
Turn   | Place    | Note
-------+----------+-------------------------------------------
     0 | D:1      | galech the Ogre Berserker began the quest for the Orb.
     0 | D:1      | Reached XP level 1. HP: 24/24 MP: 1/1
   615 | D:1      | Reached XP level 2. HP: 16/32 MP: 2/2
  1164 | D:2      | Reached XP level 3. HP: 31/40 MP: 3/3
  1333 | D:2      | Reached ** piety under Trog
  1627 | D:2      | Found a blossoming altar of Fedhas.
  1640 | D:2      | Noticed an oklob plant
  1762 | D:2      | Reached XP level 4. HP: 27/49 MP: 4/4
  2401 | D:3      | Reached skill level 5 in Fighting
  2441 | D:3      | Noticed Terence
  2450 | D:3      | Killed Terence
  2450 | D:3      | Reached XP level 5. HP: 29/57 MP: 5/5
  2775 | D:3      | Found a bloodstained altar of Trog.
  3200 | D:3      | Found a glowing golden altar of the Shining One.
  3280 | D:4      | Reached XP level 6. HP: 59/66 MP: 6/6
  3333 | D:4      | Found a hazy altar of Hepliaklqana.
  4144 | D:5      | Entered Level 5 of the Dungeon
  4144 | D:5      | Found a staircase to the Ecumenical Temple.
  4144 | D:5      | Noticed Pikel
  4144 | D:5      | Noticed a slave
  4144 | D:5      | Noticed a slave
  4144 | D:5      | Noticed a slave
  4144 | D:5      | Noticed a slave
  4147 | D:5      | Noticed Duvessa
  4160 | D:4      | Killed a slave
  4173 | D:4      | Killed a slave
  4382 | D:4      | Killed a slave
  4390 | D:4      | HP: 1/67 [Pikel/whip of flaming (8)]
  4390 | D:4      | Slain by Pikel

Vault maps used:
D:1:      matt_arrival_refuge
D:2:      tgw_fedhas
D:3:      lemuel_doored_altar, lemuel_coloured_pillars_altar,
          hangedman_decor_riveting, minivault_27, hangedman_feature_mirror,
          eino_tiny_chamber, uniq_terence
D:4:      nicolae_overflow_crystal_walls, first_ration
D:5:      nicolae_ashenzari_panopticon, minmay_temple_entry_trees, uniq_pikel,
          uniq_duvessa

Skill      XL: |  1  2  3  4  5  6 |
---------------+-------------------+-----
Maces & Flails | 3 4 |  4.9
Dodging        | 3 4 |  4.1
Fighting       | 5 |  5.8
Stealth        | |  0.4

Action                   |  1- 3 |  4- 6 || total
-------------------------+-------+-------++-------
Melee: Mace              |   145 |   172 ||   317
Invok: Berserk           |     1 |     5 ||     6
       Trog's Hand       |       |     2 ||     2
  Use: Scroll            |       |     4 ||     4
  Eat: Chunk             |     3 |     8 ||    11
       Ration            |       |     2 ||     2
Armor: Animal skin       |    42 |    44 ||    86
Dodge: Dodged            |    92 |   129 ||   221

Table legend:
 A = Spawn XP
 B = Non-spawn XP
 C = Spawn XP percentage of total XP
 D = Spawn monster count
 E = Non-spawn monster count
 F = Spawn count percentage of total count
 G = Total turns spent on level
                    A         B        C        D         E        F      G
               +---------+---------+-------+---------+---------+-------+---------
         Total |       0 |     524 |   0.0 |       0 |      73 |   0.0 |  4390
               +---------+---------+-------+---------+---------+-------+---------
           D:1 |       0 |      31 |   0.0 |       0 |      18 |   0.0 |  1157
           D:2 |       0 |      69 |   0.0 |       0 |      21 |   0.0 |  1161
           D:3 |       0 |     182 |   0.0 |       0 |      19 |   0.0 |   954
           D:4 |       0 |     242 |   0.0 |       0 |      15 |   0.0 |  1112
               +---------+---------+-------+---------+---------+-------+---------
